Map: Catalyst LE

Players

Honor - Winner!

  • Race: Protoss Protoss
  • League: Master
  • Spawn Location: 11:00

A.I. 1 (Elite)

  • Race: Protoss Protoss
  • Spawn Location: 5:00

VOD

Have the link to the VOD?

Description

https://www.bonjwa.de/academy

Time

  • Played on: Dec. 20, 2017, 8:07 a.m.
  • Length: 6:08
Show
View Real Time Build Order
Export as new Build Order

Honor Protoss - Winner!

Build Orders:  

Get SALT Encoding   

  12  0:00  Probe  
  13  0:13  Probe  
  14  0:17  Pylon  
  14  0:25  Probe  
  15  0:37  Probe (Chrono Boost)  
  15  0:38  Gateway  
  16  0:48  Probe (Chrono Boost), Assimilator  
  17  0:52  Probe (Chrono Boost)  
  17  0:56  Assimilator  
  18  1:03  Probe  
  19  1:11  Gateway  
  19  1:15  Probe  
  20  1:25  Cybernetics Core  
  20  1:28  Probe  
  21  1:36  Pylon  
  21  1:40  Probe  
  22  1:58  Warp Gate (Chrono Boost)  
  22  2:01  Stalker x2  
  26  2:21  Robotics Facility  
  26  2:31  Stalker  
  28  2:40  Stalker  
  28  2:42  Pylon  
  30  3:01  Stalker  
  32  3:10  Stalker  
  34  3:12  Pylon  
  34  3:13  Observer (Chrono Boost)  
  35  3:26  Warp Prism (Chrono Boost)  
  35  3:33  Gateway  
  37  3:41  Gateway  
  37  3:54  Sentry x2  
  41  3:59  Pylon  
  41  4:20  Stalker x2  
  45  4:32  Pylon  
  45  4:38  Adept x2  
  49  4:43  Adept  
  49  4:44  Sentry  
  51  5:00  Adept  
  51  5:01  Adept  
  55  5:19  Adept  
  55  5:20  Adept  
  57  5:34  Pylon  
  57  5:37  Sentry x2  
  61  5:43  Adept  
  63  5:53  Adept  
Show
View Real Time Build Order
Export as new Build Order

A.I. 1 (Elite) Protoss 

Build Orders:  

Get SALT Encoding   

  12  0:00  Probe  
  13  0:13  Probe  
  14  0:19  Pylon  
  14  0:25  Probe  
  15  0:38  Probe  
  15  0:40  Gateway  
  16  0:48  Assimilator  
  16  0:50  Probe  
  17  1:02  Probe, Pylon  
  18  1:14  Probe  
  19  1:26  Probe  
  19  1:30  Zealot  
  22  1:33  Cybernetics Core  
  22  1:38  Probe  
  23  1:50  Probe  
  24  2:02  Probe  
  24  2:05  Nexus  
  25  2:11  Warp Gate  
  25  2:14  Probe  
  26  2:22  Stalker  
  28  2:26  Probe  
  29  2:34  Pylon  
  28  2:38  Probe  
  29  2:49  Gateway  
  29  2:51  Probe  
  30  2:52  Assimilator  
  30  3:00  Adept  
  30  3:03  Probe  
  33  3:07  Pylon  
  33  3:15  Probe  
  33  3:17  Probe  
  35  3:27  Probe  
  35  3:28  Adept  
  35  3:29  Probe  
  39  3:37  Robotics Facility  
  39  3:39  Probe  
  39  3:41  Adept  
  42  3:43  Probe  
  43  3:51  Probe  
  43  3:55  Probe, Adept  
  47  4:03  Probe  
  47  4:07  Probe  
  49  4:15  Probe  
  49  4:16  Adept  
  52  4:20  Probe  
  53  4:26  Robotics Bay  
  53  4:27  Probe  
  53  4:29  Adept  
  56  4:32  Probe, Pylon  
  56  4:33  Observer  
  58  4:39  Probe  
  58  4:41  Robotics Facility  
  58  4:44  Probe  
  60  4:47  Pylon  
  60  4:49  Stalker  
  60  4:52  Adept  
  51  5:12  Adept  
  51  5:13  Zealot  
  42  5:32  Zealot  
  42  5:33  Zealot  
  30  5:47  Twilight Council  
  27  5:52  Adept  
  27  5:53  Zealot  
Tags
 
League
Master
Matchup
PvP
Spawn Locations
Cross Positions
Add a new tag
Caveats
  • Supply blocks, unpowered buildings, or Contaminate may cause inaccurate times.
  • Supply counts are checked every 10 seconds.